Map: [ESL] Data-C

Players

Bunny - Winner!

  • Race: Terran Terran
  • Spawn Location: 3:00

ByuN

  • Race: Terran Terran
  • Spawn Location: 9:00

Event: DreamHack SC2 Masters 2022 Valencia

VOD

Have the link to the VOD?

Description

Time

  • Played on: July 2, 2022, 5:56 a.m.
  • Length: 15:25

All games in this series

Show
View Real Time Build Order
Export as new Build Order

Bunny Terran - Winner!

Build Orders: Reaper Expand 

Get SALT Encoding   

  12  0:00  SCV  
  13  0:12  SCV  
  14  0:17  Supply Depot  
  14  0:24  SCV  
  15  0:38  SCV  
  15  0:39  Barracks  
  16  0:43  Refinery  
  16  0:50  SCV  
  17  1:02  SCV  
  18  1:15  SCV  
  19  1:27  Orbital Command, Reaper  
  20  1:39  Command Center  
  20  1:46  Supply Depot  
  20  1:52  SCV  
  21  1:59  Marine  
  22  2:04  SCV  
  22  2:08  Factory  
  23  2:13  Refinery  
  23  2:16  SCV  
  23  2:19  Bunker  
  23  2:21  Barracks Reactor  
  24  2:28  SCV  
  25  2:40  SCV  
  26  2:51  Hellion  
  26  2:52  Orbital Command, Starport  
  26  2:54  SCV  
  26  2:57  Marine  
  30  2:58  Marine  
  30  3:04  Refinery  
  31  3:06  SCV  
  32  3:13  Factory Tech Lab  
  32  3:15  Marine  
  32  3:16  Marine  
  32  3:18  SCV  
  32  3:19  SCV  
  36  3:29  Starport Tech Lab  
  36  3:30  SCV  
  36  3:31  SCV  
  36  3:33  Cyclone  
  41  3:35  Marine  
  41  3:39  Supply Depot  
  43  3:42  SCV  
  43  3:45  SCV  
  45  3:49  Raven  
  46  3:55  Supply Depot  
  46  4:00  SCV x2, Marine x2  
  50  4:05  Siege Tank  
  53  4:12  SCV  
  53  4:14  Supply Depot  
  54  4:17  SCV  
  54  4:18  Marine x2  
  57  4:24  SCV  
  57  4:29  SCV  
  59  4:32  Raven  
  59  4:36  SCV  
  59  4:37  Marine x2  
  64  4:40  Siege Tank  
  64  4:41  SCV  
  68  4:46  Command Center  
  68  4:50  SCV  
  68  4:52  Supply Depot  
  69  4:55  Refinery  
  69  5:07  SCV, Supply Depot  
  69  5:10  SCV  
  69  5:14  Siege Tank, Supply Depot  
  73  5:15  Supply Depot  
  73  5:19  SCV  
  73  5:20  Marine, Stimpack  
  75  5:22  SCV  
  75  5:23  Viking  
  78  5:28  Viking  
  78  5:32  SCV  
  78  5:34  SCV  
  82  5:36  Supply Depot  
  82  5:37  Supply Depot  
  82  5:38  Marine  
  83  5:45  SCV  
  83  5:46  SCV, Siege Tank  
  88  5:53  Viking  
  90  5:58  Viking  
  90  6:01  Marine  
  93  6:05  SCV x2  
  95  6:11  Barracks  
  95  6:12  Barracks  
  95  6:18  Siege Tank  
  97  6:23  Viking  
  91  6:28  Viking  
  85  6:34  Marine  
  85  6:37  SCV x2  
  77  6:49  SCV x2  
  77  6:52  Marine  
  77  6:53  Viking  
  82  6:55  Siege Tank  
  82  6:56  Engineering Bay, Supply Depot  
  82  6:57  Engineering Bay  
  82  6:59  Liberator  
  82  7:01  Barracks Reactor  
  88  7:02  Barracks Reactor  
  88  7:05  Orbital Command, SCV x2  
  88  7:07  Refinery  
  90  7:09  Refinery  
  90  7:10  Marine  
  91  7:17  SCV x2  
  93  7:29  SCV x2  
  95  7:30  Marine  
  95  7:31  Combat Shield  
  95  7:32  SCV  
  95  7:33  Siege Tank  
  95  7:35  Barracks x2  
  100  7:39  Viking  
  92  7:53  Viking  
  92  7:55  Marine x2  
  92  7:56  Marine x3  
  92  7:58  SCV x3  
  97  8:03  Supply Depot  
  97  8:04  Sensor Tower  
  97  8:09  Viking  
  97  8:10  Siege Tank  
  102  8:13  Marine x5  
  107  8:22  SCV x2  
  107  8:23  Viking, SCV  
  107  8:24  Barracks Reactor x2  
  112  8:35  Marine x5  
  112  8:40  Medivac  
  114  8:44  Siege Tank, Command Center  
  114  8:45  Armory  
  117  8:49  Supply Depot  
  117  8:52  Marine, Terran Infantry Armor Level 1, Terran Infantry Weapons Level 1  
  117  8:53  Marine  
  117  8:54  Marine x3  
  122  9:00  Marine  
  122  9:01  Marine x3  
  126  9:10  Marine x2, Medivac x2  
  126  9:13  Marine x3  
  135  9:18  Marine x2  
  135  9:19  Marine x2  
  135  9:24  Factory, Armory  
  139  9:25  Supply Depot  
  139  9:26  Siege Tank  
  139  9:28  Marine x2  
  144  9:34  Marine x3  
  144  9:36  Marine x3  
  144  9:37  Marine  
  151  9:43  Terran Vehicle Weapons Level 1  
  149  9:46  Marine x2  
  149  9:48  Viking x2  
  149  9:51  Marine  
  149  9:52  Marine x2  
  158  9:54  Marine x3  
  160  10:00  Siege Tank  
  160  10:04  Marine  
  160  10:05  Marine x2  
  161  10:09  Marine x2  
  163  10:14  SCV x3  
  163  10:18  Viking x2  
  159  10:26  Marine  
  159  10:27  Marine x8  
  158  10:32  SCV x3  
  158  10:34  Siege Tank  
  164  10:36  Factory Tech Lab  
  164  10:41  Terran Vehicle And Ship Armor Level 1  
  164  10:42  Planetary Fortress  
  164  10:44  Marine  
  164  10:45  Marine x6  
  164  10:46  Refinery x2  
  164  10:48  Sensor Tower  
  164  10:49  Medivac x2  
  175  10:55  Terran Infantry Weapons Level 2  
  175  11:02  SCV x3  
  178  11:08  Supply Depot  
  178  11:09  Terran Infantry Armor Level 2  
  178  11:10  Supply Depot  
  178  11:22  Missile Turret  
  178  11:23  Missile Turret x2  
  178  11:29  Marine  
  178  11:30  Siege Tank x2, Marine x3  
  178  11:31  Marine x5  
  193  11:36  Viking  
  195  11:42  Terran Vehicle Weapons Level 2  
  195  11:47  Marine  
  195  11:50  Command Center  
  196  11:57  Marine  
  171  12:02  Siege Tank x2  
  153  12:09  Marine x6  
  153  12:13  Viking x2  
  157  12:20  Marine x3  
  160  12:27  Marine x6  
  163  12:34  Siege Tank x2  
  167  12:42  Marine x3  
  167  12:43  Viking x2  
  168  12:44  Marine  
  168  12:45  Marine x5  
  168  12:47  Starport  
  168  12:50  Starport  
  174  12:56  Terran Vehicle And Ship Armor Level 2  
  174  12:59  Marine  
  174  13:00  Marine x2  
  174  13:02  Marine  
  174  13:03  Marine x3  
  174  13:05  Command Center  
  181  13:06  Siege Tank x2  
  187  13:13  Viking  
  187  13:17  Viking  
  189  13:38  Siege Tank x2  
  189  13:41  Marine x5  
  195  13:45  Refinery  
  195  13:47  Sensor Tower  
  200  13:49  Refinery  
  199  14:12  Planetary Fortress  
  197  14:19  Starport Tech Lab x2  
  197  14:20  Viking  
  197  14:22  Starport  
  197  14:23  Starport  
  199  14:28  Command Center  
  199  14:37  Marine x4  
  176  14:42  Siege Tank  
  176  14:43  Siege Tank  
  176  15:12  Missile Turret  
  180  15:14  Starport Reactor, Starport Tech Lab  
Show
View Real Time Build Order
Export as new Build Order

ByuN Terran 

Build Orders: Gas First Reaper Expand, Hellion Opening 

Get SALT Encoding   

  12  0:00  SCV  
  13  0:12  SCV  
  14  0:17  Supply Depot  
  14  0:24  SCV  
  14  0:28  Refinery  
  15  0:38  SCV  
  16  0:44  Barracks  
  16  0:50  SCV  
  17  1:03  SCV  
  18  1:15  SCV  
  19  1:30  Reaper  
  19  1:31  Orbital Command  
  20  1:42  Command Center  
  20  1:52  Factory  
  20  1:57  SCV  
  21  2:03  Refinery  
  21  2:05  Barracks Reactor  
  21  2:14  Supply Depot  
  21  2:17  SCV  
  23  2:30  SCV  
  23  2:36  Starport  
  23  2:42  SCV  
  24  2:45  Hellion  
  24  2:46  Hellion  
  28  2:55  Orbital Command  
  28  2:57  SCV  
  29  3:01  Barracks Tech Lab  
  29  3:11  SCV  
  32  3:13  Hellion  
  32  3:14  Hellion  
  34  3:22  Raven  
  34  3:26  Barracks Tech Lab, SCV x2  
  38  3:34  Hellion  
  38  3:36  Hellion  
  42  3:42  Supply Depot  
  42  3:43  SCV x2  
  42  3:46  Refinery  
  44  3:55  SCV x2  
  46  4:03  Marine  
  46  4:05  Raven  
  46  4:07  SCV x2  
  46  4:09  Supply Depot  
  52  4:18  Cyclone  
  54  4:25  Supply Depot  
  54  4:31  SCV x2, Marine x2  
  58  4:42  Supply Depot  
  58  4:43  SCV x2  
  60  4:48  Marine x2  
  60  4:50  Siege Tank  
  65  4:54  Raven  
  65  4:55  SCV x2  
  69  5:05  Supply Depot  
  69  5:06  Marine x2  
  71  5:07  SCV x2  
  73  5:19  SCV x2  
  75  5:22  Supply Depot, Command Center  
  75  5:24  Siege Tank  
  75  5:26  Marine x2  
  80  5:29  Supply Depot  
  80  5:31  SCV x2  
  82  5:35  Refinery  
  82  5:40  Barracks  
  82  5:41  Barracks  
  82  5:43  SCV x2  
  84  5:52  Viking x2  
  84  5:56  SCV x2  
  90  5:58  Marine, Supply Depot  
  90  6:01  Siege Tank  
  94  6:05  Stimpack  
  94  6:08  SCV x2  
  96  6:16  Marine  
  96  6:20  SCV  
  96  6:25  SCV  
  94  6:32  SCV  
  95  6:33  Siege Tank, Barracks Reactor  
  95  6:34  Orbital Command  
  95  6:35  Barracks Reactor  
  95  6:39  SCV  
  93  6:44  SCV  
  93  6:46  Marine  
  77  6:48  Viking x2  
  77  6:51  SCV  
  77  6:54  Engineering Bay x2  
  74  6:56  SCV  
  75  7:02  SCV  
  75  7:03  SCV  
  75  7:04  Barracks x2, Marine  
  75  7:07  Siege Tank  
  82  7:08  SCV  
  82  7:10  Refinery  
  82  7:12  Refinery, Marine x2  
  82  7:13  Marine  
  82  7:14  SCV, Marine  
  87  7:19  SCV  
  87  7:20  SCV  
  89  7:24  Marine  
  89  7:26  SCV  
  89  7:29  Marine x2  
  87  7:31  Marine  
  87  7:32  Marine  
  90  7:39  Siege Tank  
  90  7:41  SCV x2, Marine  
  90  7:43  SCV  
  94  7:44  Combat Shield  
  94  7:47  Marine x2  
  94  7:49  Marine  
  94  7:50  Marine  
  82  7:53  SCV x2  
  82  7:55  SCV  
  81  7:59  Barracks Reactor x2, Marine  
  81  8:00  Terran Infantry Weapons Level 1  
  81  8:02  Terran Infantry Armor Level 1  
  81  8:05  SCV, Marine x2  
  81  8:06  SCV, Marine  
  81  8:08  Marine  
  81  8:10  Refinery  
  81  8:11  Siege Tank  
  90  8:17  Marine  
  90  8:18  Medivac x2  
  91  8:23  Marine x2  
  91  8:24  Marine  
  91  8:25  SCV x2  
  91  8:26  Refinery, SCV, Marine  
  95  8:35  Marine  
  95  8:37  Marine x4  
  95  8:41  Marine x2  
  101  8:42  Marine  
  101  8:43  SCV x3, Siege Tank, Marine  
  110  8:48  Sensor Tower  
  110  8:53  Marine  
  110  8:55  Marine x4  
  113  8:58  Marine  
  113  8:59  Marine  
  113  9:00  Marine  
  113  9:01  Marine  
  118  9:03  Viking x2  
  122  9:13  Marine  
  122  9:14  Marine x2  
  125  9:19  Armory, Marine x2  
  127  9:28  Command Center  
  127  9:30  Marine x4  
  131  9:31  Marine x2  
  133  9:44  Marine  
  133  9:50  Supply Depot x2  
  133  9:54  Medivac x2, SCV x2, Marine x2  
  133  9:57  SCV, Marine  
  133  9:59  Marine x3  
  141  10:11  SCV, Marine x3  
  141  10:12  SCV x2, Siege Tank, Marine  
  145  10:18  Marine  
  124  10:23  SCV  
  124  10:24  SCV x2, Medivac x2  
  124  10:28  Marine  
  119  10:29  Marine  
  119  10:31  Terran Infantry Weapons Level 2  
  119  10:32  Terran Infantry Armor Level 2  
  119  10:35  SCV, Marine x2  
  120  10:36  SCV  
  120  10:37  Marine x4  
  120  10:42  Marine  
  126  10:46  Marine  
  126  10:48  Siege Tank  
  131  10:51  Planetary Fortress  
  131  10:53  SCV x2  
  133  10:59  Marine x5  
  133  11:03  Terran Vehicle Weapons Level 1  
  138  11:08  SCV x3  
  138  11:09  Factory  
  138  11:10  Barracks Reactor  
  141  11:18  Marine  
  141  11:19  Marine x6  
  141  11:20  Marine  
  141  11:24  SCV  
  141  11:25  SCV x2  
  152  11:27  Missile Turret  
  152  11:28  SCV  
  153  11:33  Siege Tank  
  153  11:36  Marine  
  153  11:39  SCV x3, Marine x5  
  163  11:40  Marine x2  
  167  11:54  Marine x3  
  167  11:57  Marine x2  
  156  12:01  Marine  
  156  12:02  Marine x2  
  156  12:03  Marine  
  156  12:04  Siege Tank, Marine  
  156  12:08  SCV, Siege Tank  
  126  12:09  SCV x2  
  126  12:12  SCV, Marine x3  
  126  12:15  Marine x2  
  125  12:19  Marine  
  125  12:20  Marine x3  
  125  12:21  SCV  
  125  12:22  Marine  
  130  12:25  SCV x2  
  130  12:26  SCV  
  119  12:30  Marine x3  
  119  12:32  Marine  
  119  12:33  SCV, Marine  
  119  12:36  Siege Tank  
  124  12:37  SCV x2, Marine x2  
  124  12:38  SCV, Marine x2  
  124  12:40  Siege Tank, Marine  
  134  12:45  SCV  
  134  12:47  Marine  
  134  12:49  SCV x2, Marine x2  
  134  12:50  SCV, Marine  
  142  12:52  Marine  
  142  12:55  Marine  
  142  12:57  Marine x3  
  142  12:58  Marine  
  149  13:00  Medivac  
  149  13:04  Medivac  
  149  13:05  Marine  
  156  13:08  Siege Tank  
  156  13:16  Marine  
  156  13:17  Marine x7  
  164  13:21  Command Center  
  164  13:24  Sensor Tower  
  164  13:25  Supply Depot  
  164  13:26  SCV x2, Supply Depot  
  164  13:27  SCV  
  167  13:30  Siege Tank, Medivac  
  172  13:46  Medivac, SCV, Marine x5  
  172  13:47  Marine x3  
  172  13:48  Marine  
  182  13:50  Marine  
  180  14:02  SCV x2  
  174  14:04  Marine x5  
  174  14:05  Marine x3  
  174  14:06  Marine  
  174  14:08  Siege Tank, Marine  
  186  14:15  Command Center  
  185  14:19  Siege Tank  
  188  14:27  Supply Depot  
  188  14:28  Supply Depot  
  188  14:31  Marine x2  
  188  14:32  Marine x3  
  188  14:33  Marine x2  
  188  14:34  Marine x2  
  188  14:36  Marine  
  140  14:40  Siege Tank  
  138  14:49  Marine x3  
  138  14:50  Marine x2  
  138  14:51  Siege Tank, Marine x2  
  148  14:57  Marine x3  
  136  15:07  Marine x2  
  143  15:20  Barracks x3  

Tags
 
Add a new tag
Caveats
  • Supply blocks, unpowered buildings, or Contaminate may cause inaccurate times.
  • Supply counts are checked every 10 seconds.